Selects Australian Defense Battlegroup
Selects Australian Defense Battlegroup
Selects Australian Light Infantry Section
Australian Light Infantry Section
Australian Light Infantry Section
Australian Light Infantry Section
Selects 2-pounder Anti-tank Gun Team
2-pounder Anti-tank Gun Team
Construct Field Infirmary
Selects CMP 15cwt Supply Run
Construct Section Command Post
Construct Platoon Command Post
Selects Artillery Trip Wire Flares
Construct Company Command Post
Selects Vehicle Over Repair
Selects Archer Tank Destroyer